 Dungeon Crawl Stone Soup version 0.24-a0-278-gefa1973 (webtiles) character file.

Game seed: 11913387185458110178

276578 erloom the Alchemist (level 19, -11/217 (221) HPs)
             Began as a Purple Draconian Transmuter on Apr 27, 2019.
             Was a High Priest of Okawaru.
             Mangled by a very large slime creature (77 damage)
             ... summoned by a boggart
             ... on level 1 of the Vaults on Apr 30, 2019.
             The game lasted 04:03:48 (55841 turns).

erloom the Alchemist (Purple Draconian Transmuter) Turns: 55841, Time: 04:03:49

HP:   -11/217 (221) AC: 39    Str: 15    XL:     19   Next: 58%
MP:   18/33         EV: 22    Int: 25    God:    Okawaru [*****.]
Gold: 941           SH: 10    Dex: 13    Spells: 13/38 levels left

rFire    + . .     SeeInvis +     - Unarmed
rCold    . . .     Gourm    .   T - +2 buckler {rF+}
rNeg     + + +     Faith    .   (armour unavailable)
rPois    ∞         Spirit   .   O - +0 hat "Ledishrih" {Int+3}
rElec    +         Reflect  .   M - +2 cloak {rPois}
rCorr    .         Harm     .   (gloves currently unavailable)
MR       +++++     Clarity  +   (boots currently unavailable)
Stlth    ++++......             s - amulet of the Four Winds {rN+ MR+++ Clar}
HPRegen  0.46/turn              S - ring of Robustness {AC+8}
MPRegen  0.23/turn              b - ring of Ylef {rN+ Int+2 Dex+2 SInv}

@: statue-form, heroism, very slow
A: (breathe power), unfitting armour, cold-blooded, AC +10
}: 2/15 runes: serpentine, barnacled
a: End Transformation, Heroism, Finesse, Renounce Religion


You were on level 1 of the Vaults.
You worshipped Okawaru.
Okawaru was extremely pleased with you.
You were not hungry.
You were a stone statue.
You visited 7 branches of the dungeon, and saw 33 of its levels.
You also visited: Ossuary and Gauntlet.

You collected 3320 gold pieces.
You spent 2379 gold pieces at shops.

Inventory:

Hand Weapons
 a - the +8 hunting sling of Nubeul {venom, rF+ Str+4 Dex+2}
   (Okawaru gifted it to you on level 13 of the Dungeon)

   It poisons the ammo it fires.
   It affects your strength (+4).
   It affects your dexterity (+2).
   It protects you from fire.
Missiles
 f - 1310 stones (quivered)
 B - 8 throwing nets
 D - 1213 arrows
Armour
 g - a +2 pair of boots of stealth (melded)
 h - a +2 shield
 z - the +1 pair of gloves "Iretosi" (melded) {rF+++ MP-9 Dex+6}
   (Okawaru gifted it to you on level 3 of the Shoals)

   It affects your dexterity (+6).
   It renders you almost immune to fire.
   It affects your magic capacity (-9).
 E - a +0 shield
 M - a +2 cloak of poison resistance (worn)
 O - the +0 hat "Ledishrih" (worn) {Int+3}
   (Okawaru gifted it to you on level 4 of the Snake Pit)

   It affects your intelligence (+3).
 T - a +2 buckler of fire resistance (worn)
Jewellery
 b - the ring of Ylef (right hand) {rN+ Int+2 Dex+2 SInv}
   (You acquired it on level 8 of the Dungeon)

   [ring of see invisible]

   It affects your intelligence (+2).
   It affects your dexterity (+2).
   It protects you from negative energy.
   It lets you see invisible.
 s - the amulet of the Four Winds (around neck) {rN+ MR+++ Clar}
   (You took it off a merfolk siren on level 4 of the Shoals)

   [amulet of nothing]

   It protects you from negative energy.
   It affects your resistance to hostile enchantments.
   It protects you against confusion.
 K - an uncursed ring of protection from cold
 P - the ring "Nutiunyv" {rElec rF+ rN+ Str+2 Int-4}
   (You bought it in a shop on level 3 of the Snake Pit)

   [ring of positive energy]

   It affects your strength (+2).
   It affects your intelligence (-4).
   It protects you from fire.
   It insulates you from electricity.
   It protects you from negative energy.
 S - the ring of Robustness (left hand) {AC+8}
   (You took it off a minotaur in a Gauntlet)

   [ring of protection]

   It affects your AC (+8).
Wands
 o - a wand of acid (5)
 I - a wand of scattershot (9)
 N - a wand of iceblast (26)
 Y - a wand of digging (5)
Scrolls
 d - 9 scrolls of teleportation
 k - 4 scrolls of fog
 n - a scroll of holy word {unknown}
 q - 2 scrolls of enchant weapon
 r - 11 scrolls of blinking
 t - 14 scrolls of remove curse
 F - 5 scrolls of fear
 Q - 5 scrolls of magic mapping
 Z - 7 scrolls of identify
Potions
 e - 10 potions of curing
 i - 6 potions of resistance
 j - a potion of magic
 m - a potion of berserk rage
 p - 5 potions of flight
 v - 4 potions of agility
 w - a potion of might
 x - 3 potions of heal wounds
 C - 6 potions of invisibility
 H - 3 potions of haste
Miscellaneous
 l - a fan of gales
 u - a lightning rod (4/4)
 G - a lamp of fire
Comestibles
 c - 23 rations


   Skills:
 - Level 15.0(20.0) Fighting
 - Level 4.0(9.0) Slings
 - Level 11.0(16.0) Dodging
 - Level 3.1(8.1) Stealth
 + Level 12.9(17.9) Shields
 + Level 14.0(19.0) Unarmed Combat
 - Level 10.0 Spellcasting
 - Level 2.0 Summonings
 - Level 3.0 Translocations
 - Level 18.0 Transmutations
 - Level 5.0 Ice Magic
 - Level 10.0 Earth Magic
 - Level 2.0 Poison Magic
 - Level 8.0 Invocations
 - Level 4.0 Evocations


You had 13 spell levels left.
You knew the following spells:

 Your Spells              Type           Power        Failure   Level  Hunger
a - Beastly Appendage     Tmut           ######       0%          1    None
b - Sticks to Snakes      Tmut           #######.     0%          2    None
c - Spider Form           Tmut/Pois      ######....   1%          3    None
d - Ice Form              Ice/Tmut       ######..     1%          4    None
e - Blade Hands           Tmut           #######...   1%          5    ####...
f - Blink                 Tloc           N/A          2%          2    None
g - Summon Butterflies    Summ           ###.....     2%          1    None
h - Apportation           Tloc           ####..       1%          1    None
i - Statue Form           Tmut/Erth      ######...    2%          6    #####..

Your spell library contained the following spells:

 Spells                   Type           Power        Failure   Level  Hunger
 Ignite Poison            Fire/Tmut/Pois #####...     1%          3    None
 Stone Arrow              Conj/Erth      #####.       1%          3    None
 Petrify                  Tmut/Erth      ######..     1%          4    None
 Hydra Form               Tmut           #######...   1%          6    #####..
 Alistair's Intoxication  Tmut/Pois      ######..     2%          5    ####...
 Dragon Form              Tmut           #######...   2%          7    #######
 Sting                    Conj/Pois      ###.         3%          1    None
 Call Imp                 Summ           ###.....     3%          2    None
 Irradiate                Conj/Tmut      ######....   3%          5    ####...
 Yara's Violent Unravell  Hex/Tmut       ######....   3%          5    ####...
 Confusing Touch          Hex            ##....       4%          1    None
 Corona                   Hex            ##.....      4%          1    None
 Magic Dart               Conj           ##..         4%          1    None
 Shock                    Conj/Air       ##..         4%          1    None
 Gell's Gravitas          Tloc           ####......   4%          3    None
 Lesser Beckoning         Tloc           ####......   4%          3    None
 Leda's Liquefaction      Hex/Erth       #####.....   6%          4    None
 Corpse Rot               Necr           N/A          8%          2    None
 Slow                     Hex            ##......     8%          2    None
 Portal Projectile        Hex/Tloc       ###...       8%          3    None
 Mephitic Cloud           Conj/Pois/Air  ###.....     12%         3    None
 Confuse                  Hex            ##......     14%         3    None
 Conjure Flame            Conj/Fire      ##......     14%         3    None
 Inner Flame              Hex/Fire       ##......     14%         3    None
 Tukima's Dance           Hex            ##......     14%         3    None
 Summon Lightning Spire   Summ/Air       ###.....     32%         4    None
 Bolt of Magma            Conj/Fire/Erth ####......   34%         5    ####...
 Cause Fear               Hex            ##........   43%         4    None
 Metabolic Englaciation   Hex/Ice        ####......   43%         5    ####...
 Summon Forest            Summ/Tloc      ####......   43%         5    ####...
 Venom Bolt               Conj/Pois      ###.......   65%         5    ####...
 Iron Shot                Conj/Erth      #####.....   67%         6    #####..
 Iskenderun's Battlesphe  Conj/Chrm      ##......     80%         5    ####...
 Freezing Cloud           Conj/Ice/Air   ###.......   98%         6    #####..
 Poison Arrow             Conj/Pois      ###.......   99%         6    #####..
 Invisibility             Hex            ##......     100%        6    #####..
 Orb of Destruction       Conj           ##........   100%        7    #######
 Spellforged Servitor     Conj/Summ      ###.......   100%        7    #######
 Summon Hydra             Summ           ###.......   100%        7    #######
 Chain Lightning          Conj/Air       ##........   100%        8    #######
 Lehudib's Crystal Spear  Conj/Erth      #####.....   100%        8    #######
 Fire Storm               Conj/Fire      ##........   100%        9    #######
 Glaciate                 Conj/Ice       ####......   100%        9    #######


Dungeon Overview and Level Annotations

Branches:
Dungeon (15/15)            Temple (1/1) D:7            Lair (6/6) D:11
 Shoals (4/4) Lair:3        Snake (4/4) Lair:2        Slime (0/5) Lair:6
    Orc (2/2) D:12            Elf (0/3) Orc:2        Vaults (1/5) D:13
 Depths (0/5) D:15

Altars:
Ashenzari
Cheibriados
Dithmenos
Elyvilon
Fedhas
Gozag
Hepliaklqana
Kikubaaqudgha
Makhleb
Nemelex Xobeh
Okawaru
Qazlal
Ru
Sif Muna
Trog
Uskayaw
Vehumet
Wu Jian
Xom
Yredelemnul
Zin
The Shining One
Jiyva

Shops:
D:9 (   D:12 =   D:15 (   Orc:2 :!(?   Snake:1 ([!=   Snake:3 *

Portals:
Pandemonium: Orc:2
Trove: D:13 (show abyssal rune of Zot)

Annotations:
D:3 Robin
D:11 exclusion: downstairs
D:12 exclusions: downstairs, ice statue and obsidian statue
Lair:4 exclusion: downstairs


Innate Abilities, Weirdness & Mutations

((You can breathe bolts of dispelling energy.))
((Your rich purple scales are hard. (AC +10)))
You cannot fit into any form of body armour.
You are cold-blooded and may be slowed by cold attacks.


Message History

The vault sentinel blows a loud note on a signal horn!
The earth elemental hits your water moccasin!!
Your water moccasin dies!
You squash the two-headed ogre like an ant!!!
You kill the two-headed ogre!
The two-headed ogre's corpse dissolves into shadows!
The boggart casts a spell.
Your adder bites the earth elemental but does no damage.
The earth elemental closely misses you.
Unknown command.
You pummel the very large slime creature!!
The very large slime creature is lightly wounded.
Your adder bites the earth elemental but does no damage.
The very large slime creature hits you!!!!
Your adder bites the earth elemental but does no damage.
You punch the very large slime creature!
You tail-slap the very large slime creature.
The very large slime creature is moderately wounded.
The very large slime creature hits you!!!!
You die...

.##......#
#e.....##....ge# .
.##......#
#.....(##....ec# ..
.##......#
#...e..##....p.# ?c#
.##......#
#...E..##...pgC#..#+
###......#
#°JOOeg##....ese.!#.
####'####
#.OOOYc#########..#.
#.....#


#OO3pOp# $o## #.....# ####J#### se# #.....# #.8E...# #.e #.....# #.S)...# ..
#.....# #......# # ####### #......# #......# #......# #......# #......# #......#
You could see a very large slime creature, a centaur warrior, 2 two-headed
ogres, an ogre mage (invisible), a vault sentinel, an ironbrand convoker, 2
earth elementals, 2 deep elf magi, an ice beast, a boggart (invisible) and a
friendly adder.

Vanquished Creatures
  Mara (Shoals:3)
  Saint Roka (Snake:4)
  Vashnia (Snake:4)
  Nikola (Snake:4)
  Jorgrun (D:12)
  Agnes (Snake:2)
  7 nagarajas (Snake:4)
  Ilsuiw (Shoals:3)
  A frost giant (Vaults:1)
  3 vault wardens (Vaults:1)
  5 ironheart preservers (Vaults:1)
  A minotaur (Gauntlet)
  Azrael (D:12)
  4 dire elephants (Lair:6)
  The ghost of erloom the Transmogrifier, a journeyman DrTm of Okawaru (Lair:3)
  5 merfolk javelineers
  The ghost of Ratty the Arsonist, a journeyman OpFE of Vehumet (Lair:5)
  2 fire dragons
  2 yaktaur captains
  5 merfolk impalers
  15 naga warriors
  A rakshasa (Vaults:1)
  3 vault guards (Vaults:1)
  2 catoblepae
  5 hydras
  6 centaur warriors
  4 two-headed ogres
  2 merfolk avatars
  13 anacondas
  2 merfolk aquamancers
  2 dancing weapons
  An ogre mage (Vaults:1)
  5 satyrs
  2 tengu warriors
  14 death yaks
  5 orc high priests (Orc:2)
  26 naga sharpshooters
  The ghost of Ratty the Arsonist, a novice OpFE of Gozag (Lair:1)
  3 deep elf knights (Vaults:1)
  Nergalle (Lair:4)
  A sixfirhy (Orc:2)
  9 shock serpents
  2 fire crabs (Shoals:3)
  A shadow wraith (Vaults:1)
  2 salamander mystics
  5 skeletal warriors (Vaults:1)
  4 deep trolls (Vaults:1)
  11 sea snakes
  A death drake (shapeshifter) (Vaults:1)
  3 unseen horrors
  2 wizards
  3 infernal demonspawn (Orc:2)
  11 naga ritualists
  A torturous demonspawn (Orc:2)
  3 harpies (Vaults:1)
  9 orc knights
  A tengu zombie (Vaults:1)
  3 ironbrand convokers (Vaults:1)
  A lindwurm (Lair:6)
  Pikel (D:7)
  3 necromancers
  24 fauns
  8 orc sorcerers
  A wolf spider (Vaults:1)
  6 deep elf magi
  7 mana vipers
  21 ugly things
  12 manticores
  2 oklob plants (Lair:1)
  13 salamanders
  2 moths of wrath (Lair:5)
  4 cyclopes
  8 merfolk sirens
  A vault sentinel (Vaults:1)
  A rust devil (Orc:2)
  7 elephants
  A frost giant skeleton (Vaults:1)
  35 black mambas
  2 guardian serpents (Snake:1)
  26 naga magi
  2 gargoyles
  5 water nymphs
  2 smoke demons (Orc:2)
  3 centaur skeletons
  12 spiny frogs
  A yaktaur zombie (Vaults:1)
  2 rime drakes (Lair:4)
  2 freezing wraiths
  11 yaktaurs
  12 trolls
  6 komodo dragons
  An ice devil (Gauntlet)
  4 meliai
  22 merfolk
  3 wind drakes
  5 hornets
  9 slime creatures
  7 dream sheep (Lair:5)
  6 snapping turtles
  An ettin zombie (Vaults:1)
  A hippogriff (shapeshifter) (Vaults:1)
  4 blink frogs
  2 centaur simulacra
  2 shadows
  A spriggan (Lair:1)
  Sigmund (D:6)
  9 hippogriffs
  5 wraiths
  66 yaks
  6 water elementals
  4 fire elementals (D:12)
  2 fire bats (Shoals:3)
  4 wyverns
  A steam dragon (D:11)
  4 basilisks
  Grum (D:8)
  2 vampire mosquitoes (D:11)
  3 hungry ghosts
  A chaos spawn (Orc:2)
  Menkaure (D:5)
  2 acid dragons
  56 nagas
  4 wargs
  9 water moccasins
  Duvessa (D:5)
  3 hell hounds (D:12)
  14 porcupines
  A black bear (D:9)
  A hornet zombie (D:13)
  2 ice beasts
  2 slaves (D:7)
  5 sky beasts
  An orc zombie (Vaults:1)
  An eye of draining (D:14)
  49 orc warriors
  2 necrophages (D:6)
  A boggart (Vaults:1)
  20 wolves
  13 centaurs
  3 phantoms
  9 ogres
  13 crocodiles
  A big kobold (D:11)
  Blork the orc (D:4)
  An elf zombie (Ossuary)
  22 bullfrogs
  A gnoll sergeant (D:10)
  2 scorpions
  4 killer bees
  3 wights (D:11)
  4 electric eels
  A howler monkey (D:13)
  6 crimson imps
  A bullfrog zombie (D:13)
  2 quasits (D:15)
  2 bullfrog skeletons
  2 centaur zombies
  11 hounds
  2 human zombies (Ossuary)
  4 jellies
  30 orc priests
  28 orc wizards
  Crazy Yiuf (D:5)
  Jessica (D:3)
  Terence (D:3)
  4 iguanas
  14 worker ants
  4 big kobold zombies (Ossuary)
  2 hound zombies (Ossuary)
  4 mummies (Ossuary)
  2 hound skeletons
  8 gnolls
  18 adders
  7 shadow imps
  4 white imps (Gauntlet)
  2 oozes (D:3)
  An adder zombie (D:6)
  An adder skeleton (D:8)
  A worm (D:2)
  6 dart slugs
  5 leopard geckos
  98 orcs
  A ball python (D:4)
  8 bats
  A giant cockroach (D:1)
  19 goblins
  7 hobgoblins
  2 jackals (D:3)
  8 quokkas
  4 frilled lizards
  A giant cockroach zombie (D:6)
  A goblin zombie (Ossuary)
  A hobgoblin zombie (Ossuary)
  A jackal zombie (Ossuary)
  12 kobolds
  A leopard gecko zombie (D:7)
  10 rats
  9 plants
1262 creatures vanquished.

Vanquished Creatures (collateral kills)
  Erica (D:8)
  An orc warrior (D:7)
  Dowan (D:5)
  An adder (D:2)
  A leopard gecko (D:2)
  3 orcs (D:7)
  A bat (D:2)
9 creatures vanquished.

Vanquished Creatures (others)
  A merfolk javelineer (Shoals:4)
  A satyr (Shoals:4)
  A shadow wraith (Vaults:1)
  6 fauns (Shoals:4)
  3 centaurs (Shoals:2)
  A bullfrog (D:12)
  An orc priest (D:14)
  3 orc wizards (D:14)
  A bush (Lair:6)
  3 fungi
  59 plants
80 creatures vanquished.

Grand Total: 1351 creatures vanquished

Notes
Turn   | Place    | Note
-------+----------+-------------------------------------------
     0 | D:1      | erloom the Draconian Transmuter began the quest for the
                  | Orb.
     0 | D:1      | Reached XP level 1. HP: 16/16 MP: 3/3
   103 | D:1      | Reached XP level 2. HP: 21/23 MP: 3/5
   107 | D:1      | Learned a level 2 spell: Sticks to Snakes
   138 | D:1      | Found a snail-covered altar of Cheibriados.
   207 | D:1      | You fall through a shaft!
   376 | D:1      | Reached XP level 3. HP: 28/28 MP: 5/7
   381 | D:1      | Learned a level 3 spell: Spider Form
   757 | D:2      | Reached skill level 3 in Transmutations
   866 | D:2      | Reached skill level 1 in Poison Magic
   872 | D:2      | Reached XP level 4. HP: 33/35 MP: 0/8
   930 | D:2      | Found a faded altar of an unknown god.
  1212 | D:2      | Found a snail-covered altar of Cheibriados.
  1721 | D:3      | Noticed Robin
  1990 | D:3      | Noticed Terence
  2007 | D:3      | Killed Terence
  2066 | D:3      | Reached XP level 5. HP: 35/40 MP: 7/10
  2278 | D:3      | Noticed Jessica
  2292 | D:3      | Killed Jessica
  2495 | D:3      | Reached skill level 4 in Transmutations
  2674 | D:3      | Learned a level 4 spell: Ice Form
  2942 | D:4      | Noticed Blork the orc
  2951 | D:4      | Killed Blork the orc
  2951 | D:4      | Reached XP level 6. HP: 39/47 MP: 7/12
  3900 | D:5      | Entered Level 5 of the Dungeon
  3909 | D:5      | Noticed a sky beast
  4066 | D:5      | Noticed Duvessa
  4068 | D:5      | Noticed Dowan
  4191 | D:5      | Found a sparkling altar of Nemelex Xobeh.
  4219 | D:5      | Killed Duvessa
  4225 | D:5      | Killed Dowan
  4225 | D:5      | Your scales start taking on a rich purple colour.
  4225 | D:5      | Reached XP level 7. HP: 31/55 MP: 8/14
  4408 | D:5      | Reached skill level 5 in Spellcasting
  4644 | D:5      | Noticed Menkaure
  4658 | D:5      | Killed Menkaure
  5048 | D:5      | Found a runed translucent door.
  5049 | D:5      | Noticed Crazy Yiuf
  5318 | D:6      | Learned a level 5 spell: Blade Hands
  5358 | D:6      | Noticed Sigmund
  5398 | D:6      | Found a sand-covered staircase.
  5405 | Ossuary  | Entered an ossuary
  5765 | Ossuary  | Reached skill level 5 in Transmutations
  5850 | Ossuary  | Reached XP level 8. HP: 11/61 MP: 13/16
  6228 | D:5      | Killed Crazy Yiuf
  6488 | D:6      | Reached skill level 6 in Transmutations
  6488 | D:6      | Reached skill level 5 in Ice Magic
  6606 | D:6      | Found a glowing silver altar of Zin.
  6982 | D:6      | Killed Sigmund
  6982 | D:6      | Reached skill level 7 in Transmutations
  7358 | D:6      | Found a deep blue altar of Sif Muna.
  7358 | D:6      | Found a faded altar of an unknown god.
  7363 | D:6      | Found a stormy altar of Qazlal.
  7365 | D:6      | Found an ancient bone altar of Kikubaaqudgha.
  7366 | D:6      | Found a faded altar of an unknown god.
  7750 | D:7      | Reached skill level 8 in Transmutations
  7750 | D:7      | Reached XP level 9. HP: 54/67 MP: 11/20
  8653 | D:7      | Found a shadowy altar of Dithmenos.
  8746 | D:7      | Noticed Pikel
  8780 | D:7      | HP: 4/80 [Pikel/+1 whip of electrocution (8)]
  8783 | D:7      | Killed Pikel
  8783 | D:7      | Reached skill level 9 in Transmutations
  9081 | D:7      | Found a staircase to the Ecumenical Temple.
  9090 | Temple   | Entered the Ecumenical Temple
  9250 | Temple   | Became a worshipper of Warmaster Okawaru
  9484 | D:8      | Noticed a komodo dragon
  9492 | D:8      | Killed a komodo dragon
  9555 | D:8      | Noticed Grum
  9624 | D:8      | Learned a level 2 spell: Blink
  9716 | D:8      | Noticed Erica
 10034 | D:8      | Reached skill level 1 in Invocations
 10386 | D:8      | Killed Grum
 10768 | D:8      | Reached XP level 10. HP: 71/77 MP: 18/23
 10924 | D:8      | Found an opulent altar of Gozag.
 11097 | D:8      | Killed Erica
 11097 | D:8      | Reached skill level 1 in Translocations
 11333 | D:8      | Found a burning altar of Makhleb.
 11507 | D:9      | Found Yzijaow's Antique Weapon Boutique.
 11551 | D:9      | Reached * piety under Okawaru
 11801 | D:8      | Identified a scroll of acquirement
 11804 | D:8      | Got a crude marble ring
 11806 | D:8      | Identified the ring of Ylef {rN+ Int+2 Dex+2 SInv} (You
                  | acquired it on level 8 of the Dungeon)
 11899 | D:9      | Reached skill level 10 in Transmutations
 12402 | D:9      | Reached ** piety under Okawaru
 12515 | D:9      | Reached skill level 5 in Fighting
 12520 | D:9      | Reached skill level 5 in Unarmed Combat
 12811 | D:10     | Entered Level 10 of the Dungeon
 12864 | D:10     | Reached skill level 5 in Dodging
 13812 | D:11     | Noticed a red ugly thing
 13886 | D:11     | Noticed a two-headed ogre
 13894 | D:11     | Killed a two-headed ogre
 13894 | D:11     | Reached *** piety under Okawaru
 13894 | D:11     | Reached XP level 11. HP: 63/88 MP: 17/24
 14085 | D:11     | Noticed a cyan ugly thing
 14094 | D:11     | Killed a cyan ugly thing
 14244 | D:11     | Noticed a fire dragon
 14246 | D:11     | Noticed a purple ugly thing
 14611 | D:11     | Killed a purple ugly thing
 14791 | D:12     | Noticed Jorgrun
 14819 | D:11     | Reached **** piety under Okawaru
 14828 | D:11     | Noticed a tengu warrior
 14853 | D:11     | Killed a tengu warrior
 14853 | D:11     | Reached skill level 5 in Invocations
 15015 | D:11     | Noticed a two-headed ogre
 15029 | D:11     | Killed a fire dragon
 15033 | D:11     | Killed a two-headed ogre
 15233 | D:11     | Killed a red ugly thing
 15233 | D:11     | Reached skill level 1 in Evocations
 15275 | D:11     | Reached ***** piety under Okawaru
 15844 | D:11     | Found a staircase to the Lair.
 15959 | Lair:1   | Entered Level 1 of the Lair of Beasts
 16042 | Lair:1   | Reached XP level 12. HP: 54/102 MP: 20/25
 16310 | Lair:1   | Found a runed translucent door.
 16310 | Lair:1   | Found a shimmering altar of Xom.
 16310 | Lair:1   | Noticed Ratty's ghost (novice OpFE)
 16506 | Lair:1   | Noticed a catoblepas
 16532 | Lair:1   | Killed a catoblepas
 16960 | Lair:1   | Received a gift from Okawaru
 17738 | Lair:2   | Found a staircase to the Snake Pit.
 17788 | Lair:2   | Reached skill level 10 in Spellcasting
 18931 | Lair:3   | Reached ****** piety under Okawaru
 19067 | Lair:3   | Reached skill level 11 in Transmutations
 19127 | Lair:3   | Found a runed translucent door.
 19127 | Lair:3   | Found a shimmering altar of Xom.
 19127 | Lair:3   | Noticed erloom's ghost (journeyman DrTm)
 19204 | Lair:3   | Found a staircase to the Shoals.
 19400 | Lair:3   | Reached skill level 10 in Fighting
 20071 | Lair:4   | Noticed a four-headed hydra
 20089 | Lair:4   | Reached XP level 13. HP: 94/113 MP: 23/27
 20379 | Lair:4   | Noticed Nergalle
 20398 | Lair:4   | Killed Nergalle
 20415 | Lair:4   | Received a gift from Okawaru
 21420 | Lair:4   | Reached skill level 12 in Transmutations
 22107 | Lair:5   | Found a transporter.
 23043 | Lair:5   | Reached skill level 13 in Transmutations
 23094 | Lair:5   | Learned a level 1 spell: Summon Butterflies
 23096 | Lair:5   | Learned a level 1 spell: Apportation
 23284 | Lair:5   | Noticed Ratty's ghost (journeyman OpFE)
 23296 | Lair:5   | Found a transporter.
 23439 | Lair:6   | Entered Level 6 of the Lair of Beasts
 23470 | Lair:5   | Received a gift from Okawaru
 23651 | Lair:5   | Got an ivory great sword {god gift}
 24394 | Lair:6   | Reached XP level 14. HP: 96/121 MP: 20/28
 24616 | Lair:6   | Reached skill level 1 in Stealth
 24727 | Lair:6   | Found a viscous altar of Jiyva.
 24728 | Lair:6   | Found a staircase to the Slime Pits.
 25281 | Lair:6   | Received a gift from Okawaru
 25281 | Lair:6   | Reached skill level 10 in Dodging
 26929 | D:12     | Found Ikhliffou's Jewellery Shoppe.
 27048 | D:12     | Received a gift from Okawaru
 27079 | D:12     | Killed Jorgrun
 27079 | D:12     | Reached skill level 10 in Unarmed Combat
 27079 | D:12     | Reached skill level 14 in Transmutations
 27407 | D:12     | Reached skill level 1 in Summonings
 27570 | D:12     | Found a staircase to the Orcish Mines.
 27582 | Orc:1    | Entered Level 1 of the Orcish Mines
 27951 | Orc:2    | Entered Level 2 of the Orcish Mines
 29622 | Orc:2    | Found a staircase to the Elven Halls.
 29875 | Orc:2    | Received a gift from Okawaru
 30363 | Orc:2    | Found Naeptidghe's Magic Scroll Boutique.
 30384 | Orc:2    | Reached skill level 15 in Transmutations
 30549 | Orc:2    | Found Miti's Distillery.
 30640 | Orc:2    | Bought a scroll of blinking for 105 gold pieces
 30640 | Orc:2    | Bought a scroll of blinking for 105 gold pieces
 30640 | Orc:2    | Bought a scroll of enchant armour for 105 gold pieces
 30640 | Orc:2    | Bought a scroll of identify for 28 gold pieces
 30640 | Orc:2    | Bought 3 scrolls of magic mapping for 147 gold pieces
 30640 | Orc:2    | Bought a scroll of teleportation for 42 gold pieces
 30640 | Orc:2    | Bought a scroll of teleportation for 42 gold pieces
 30642 | Orc:2    | Bought a potion of resistance for 110 gold pieces
 30642 | Orc:2    | Bought a potion of heal wounds for 55 gold pieces
 30642 | Orc:2    | Bought a potion of curing for 33 gold pieces
 30642 | Orc:2    | Bought a potion of heal wounds for 55 gold pieces
 31029 | Orc:2    | Received a gift from Okawaru
 31472 | Orc:2    | Reached XP level 15. HP: 97/128 MP: 22/29
 31480 | Orc:2    | Received a gift from Okawaru
 32017 | Orc:2    | Found Sampiduc's Book Emporium.
 32017 | Orc:2    | Found Joaggael's Antique Weapon Shoppe.
 32017 | Orc:2    | Found a one-way gate leading to the halls of Pandemonium.
 32021 | Orc:2    | Bought a book of Transfigurations for 825 gold pieces
 32028 | Orc:2    | Learned a level 6 spell: Statue Form
 32445 | D:12     | Noticed Azrael
 32459 | D:12     | Killed Azrael
 32459 | D:12     | Reached skill level 1 in Earth Magic
 33384 | D:13     | Received a gift from Okawaru
 33389 | D:13     | Got a polished hunting sling {god gift}
 33836 | D:13     | Found a portal to a secret trove of treasure.
 34078 | D:13     | Reached skill level 5 in Earth Magic
 34128 | D:13     | Found a gate to the Vaults.
 34456 | D:14     | Found a blossoming altar of Fedhas.
 35977 | D:15     | Entered Level 15 of the Dungeon
 36068 | D:14     | Reached skill level 1 in Shields
 36296 | D:15     | Found a gate leading to a gauntlet.
 36303 | Gauntlet | Entered a Gauntlet
 36303 | Gauntlet | Found a large runed translucent door.
 36303 | Gauntlet | Found a large runed translucent door.
 36303 | Gauntlet | Found a large runed translucent door.
 36303 | Gauntlet | Found a large runed translucent door.
 36303 | Gauntlet | Found a runed translucent door.
 36303 | Gauntlet | Found a large runed translucent door.
 36303 | Gauntlet | Found a large runed translucent door.
 36303 | Gauntlet | Found a transporter.
 36303 | Gauntlet | Found a transporter.
 36303 | Gauntlet | Found a large runed translucent door.
 36303 | Gauntlet | Found a large runed translucent door.
 36303 | Gauntlet | Found a runed translucent gate.
 36303 | Gauntlet | Found a runed translucent gate.
 36303 | Gauntlet | Found a transporter.
 36303 | Gauntlet | Found a transporter.
 36309 | Gauntlet | Found a runed translucent door.
 36310 | Gauntlet | Found a large runed translucent door.
 36310 | Gauntlet | Found a large runed translucent door.
 36310 | Gauntlet | Found a large runed translucent door.
 36310 | Gauntlet | Found a large runed translucent door.
 36311 | Gauntlet | Found a large runed translucent door.
 36311 | Gauntlet | Found a large runed translucent door.
 36312 | Gauntlet | Found a large runed translucent door.
 36312 | Gauntlet | Found a large runed translucent door.
 36316 | Gauntlet | Found a runed translucent gate.
 36337 | Gauntlet | Found a transporter.
 36341 | Gauntlet | Got a crude copper amulet
 36343 | Gauntlet | Identified the amulet of Dyhoa {Faith Str+6} (You found it
                  | in a Gauntlet)
 36353 | Gauntlet | Found a transporter.
 36354 | Gauntlet | Found a transporter.
 36697 | Gauntlet | Found a transporter.
 36750 | Gauntlet | Found the +8 demon trident "Rift" {distort, reach+}
 36750 | Gauntlet | Found a transporter.
 37037 | D:15     | Received a gift from Okawaru
 37057 | D:15     | Found Efio's Antique Weapon Shop.
 37427 | D:15     | Found a staircase to the Depths.
 37828 | D:15     | Upgraded the game from 0.24-a0-275-g6f7e2cb to
                  | 0.24-a0-278-gefa1973
 37828 | D:15     | Identified the +8 hunting sling of Nubeul {venom, rF+ Str+4
                  | Dex+2} (Okawaru gifted it to you on level 13 of the
                  | Dungeon)
 38385 | Lair:1   | Killed Ratty's ghost
 38385 | Lair:1   | Reached skill level 1 in Slings
 38385 | Lair:1   | Reached XP level 16. HP: 121/137 MP: 25/30
 38438 | Lair:3   | Killed erloom's ghost
 38485 | Snake:1  | Entered Level 1 of the Snake Pit
 38668 | Snake:1  | Found Nyodum Ewkin's Distillery.
 38668 | Snake:1  | Found Nunt's Armour Boutique.
 38690 | Snake:1  | Found Citezumo's Antique Weapon Boutique.
 38693 | Snake:1  | Found Fugu Qor's Jewellery Shop.
 38703 | Snake:1  | Reached skill level 10 in Earth Magic
 38930 | Snake:1  | Bought 2 potions of heal wounds for 170 gold pieces
 38930 | Snake:1  | Bought a potion of curing for 51 gold pieces
 38930 | Snake:1  | Bought a potion of curing for 51 gold pieces
 38930 | Snake:1  | Bought a potion of curing for 51 gold pieces
 38930 | Snake:1  | Bought a potion of haste for 170 gold pieces
 38985 | Snake:1  | HP: 6/137 [something (8)]
 40034 | Snake:1  | Received a gift from Okawaru
 40945 | Snake:2  | Reached skill level 16 in Transmutations
 41059 | Snake:2  | Noticed Agnes
 41077 | Snake:2  | Killed Agnes
 41124 | Snake:2  | Received a gift from Okawaru
 41731 | Snake:3  | Reached skill level 5 in Shields
 42330 | Snake:3  | Found Qohast's Assorted Antiques.
 42338 | Snake:3  | Bought a crude copper ring for 195 gold pieces
 42338 | Snake:3  | Bought a scroll labeled COKHLELLI EHIW for 39 gold pieces
 42338 | Snake:3  | Identified the ring "Nutiunyv" {rElec rF+ rN+ Str+2 Int-4}
                  | (You bought it in a shop on level 3 of the Snake Pit)
 42828 | Snake:3  | Received a gift from Okawaru
 43181 | Snake:4  | Entered Level 4 of the Snake Pit
 43262 | Snake:4  | Reached XP level 17. HP: 124/146 MP: 12/31
 43730 | Snake:4  | Received a gift from Okawaru
 43778 | Snake:4  | Reached skill level 17 in Transmutations
 43825 | Snake:4  | Found a stormy altar of Qazlal.
 43940 | Snake:4  | Noticed Vashnia
 43997 | Snake:4  | Killed Vashnia
 44005 | Snake:4  | Received a gift from Okawaru
 44059 | Snake:4  | Got a steaming hat {god gift}
 44061 | Snake:4  | Identified the +0 hat "Ledishrih" {Int+3} (Okawaru gifted
                  | it to you on level 4 of the Snake Pit)
 44446 | Snake:4  | Noticed Saint Roka
 44554 | Snake:4  | Killed Saint Roka
 45869 | Snake:4  | Received a gift from Okawaru
 45967 | Snake:4  | Noticed Nikola
 45972 | Snake:4  | Killed Nikola
 45972 | Snake:4  | Reached XP level 18. HP: 65/158 MP: 25/32
 46353 | Snake:4  | Got a serpentine rune of Zot
 46835 | Shoals:1 | Entered Level 1 of the Shoals
 47800 | Shoals:2 | Reached skill level 10 in Shields
 48328 | Shoals:2 | Found a white marble altar of Elyvilon.
 48547 | Shoals:2 | Received a gift from Okawaru
 49084 | Shoals:3 | Noticed Mara
 49609 | Shoals:3 | Noticed erloom's illusion
 49626 | Shoals:3 | Killed Mara
 49626 | Shoals:3 | Reached skill level 18 in Transmutations
 49637 | Shoals:3 | Received a gift from Okawaru
 50423 | Shoals:3 | Noticed Ilsuiw
 50512 | Shoals:3 | Killed Ilsuiw
 50512 | Shoals:3 | Received a gift from Okawaru
 50515 | Shoals:3 | Got a pair of dazzling gloves {god gift}
 50517 | Shoals:3 | Identified the +1 pair of gloves "Iretosi" {rF+++ MP-9
                  | Dex+6} (Okawaru gifted it to you on level 3 of the Shoals)
 51047 | Shoals:4 | Entered Level 4 of the Shoals
 51566 | Shoals:4 | Identified the Grimoire of Aerial Venom
 52617 | Shoals:4 | Got a barnacled rune of Zot
 53390 | Lair:5   | Killed Ratty's ghost
 53640 | Lair:5   | Reached XP level 19. HP: 164/169 MP: 16/33
 53668 | Lair:5   | Identified the amulet "Uleuk" {RegenMP rF+} (You found it
                  | on level 5 of the Lair of Beasts)
 53861 | Vaults:1 | Entered Level 1 of the Vaults
 54318 | Vaults:1 | Reached skill level 15 in Fighting
 54514 | Vaults:1 | Received a gift from Okawaru
 55841 | Vaults:1 | Mangled by a very large slime creature

Levels and vault maps discovered:
D:1:      doesnt_arrival_eight_statues, layout_basic,
          chequers_serial_rivers_micro_c, cheibriados_altar_1
D:2:      layout_basic, overflow_temple_1_default,
          chequers_ecumenical_altar_simple, first_ration
D:3:      minmay_recursive_quarters, layout_basic, kennysheep_generic_room_7,
          uniq_robin, uniq_jessica, uniq_terence
D:4:      layout_loops_corners, minmay_misc_feat_tower, uniq_blork_the_orc
D:5:      layout_cave_pods, nemelex_xobeh_ov_fountains_minmay, uniq_duvessa,
          uniq_menkaure, uniq_crazy_yiuf_cottage
D:6:      layout_loops_ring, chequers_temple_overflow_minitemple,
          old_standard_altar, chequers_ossuary_entry_cave, uniq_sigmund
D:7:      layout_basic, nicolae_dithmenos_the_darkroom,
          minmay_temple_entry_mist, uniq_pikel
D:8:      layout_basic, overflow_temple_1_default, kennysheep_mini,
          grunt_pizzeria, uniq_erica, uniq_grum
D:9:      layout_rooms, serial_shops, shop
D:10:     layout_loops_ring
D:11:     minmay_the_grid_4x2 [minmay_the_grid_pillar_ring, minmay_the_grid_fan,
          minmay_the_grid_minigrid_large, minmay_the_grid_embedded,
          minmay_the_grid_tiny_cups, minmay_the_grid_diamond_grid,
          minmay_the_grid_garden, minmay_the_grid_prize_inner_circle],
          layout_rooms, lair_entry_dummy, hangedman_decor_slide_cut
D:12:     layout_long_grid, erik_orc_2, serial_shops, shop,
          minmay_curled_crystal, minmay_more_statues, uniq_jorgrun, uniq_azrael
D:13:     layout_basic, david_vaults_1, enter_trove_1
D:14:     layout_small_grid, basic_altar, minmay_staircase_statues_hall_small,
          serial_bayou_pond_d
D:15:     grunt_enter_depths_snipers, layout_irregular_city,
          serial_bayou_pond_e, serial_shops, shop, gauntlet_entry_generic
Temple:   oiseaux_autumnal_temple
Lair:1:   layout_concentric_octagons, ebering_ghost_xom,
          grunt_forest_large_clearing_hut, grunt_megastairs_5,
          minmay_lair_oklob_chamber
Lair:2:   layout_cave_pods, dummy_snake_entry, grunt_megastairs_4
Lair:3:   layout_misc_corridors, elwin_shoals_entry_rooms, ebering_ghost_xom,
          infiniplex_staircase_pool, serial_bayou_shore_a, serial_bayou_shore_b
Lair:4:   layout_hall_layers, chequers_serial_rivers_micro_b, uniq_nergalle
Lair:5:   layout_gridlike, gammafunk_ghost_berserking_beasts
Lair:6:   due_jungle_book, layout_misc_corridors, slime_altar_1,
          serial_bayou_pond_b, eino_small_chamber_without_monster
Shoals:1: layout_shoals
Shoals:2: layout_shoals, lemuel_centaur_altar
Shoals:3: layout_shoals, hangedman_shoal_volcano, uniq_ilsuiw, uniq_mara
Shoals:4: shoals_end_grunt_garden, layout_shoals
Snake:1:  layout_gridlike, serial_bayou_pond_d, nrook_guardian_serpent_double,
          grunt_megastairs_1, serial_bayou_shore_b, minmay_shoptagon
Snake:2:  layout_onion_interference, uniq_agnes
Snake:3:  layout_layer_cave, serial_shops, nicolae_shop_overgrown_old_shop
Snake:4:  snake_pit, layout_cave_town, basic_altar, drop_trap, st_stairs_1,
          uniq_vashnia, uniq_saint_roka, uniq_nikola
Orc:1:    layout_caves, abandoned_shop
Orc:2:    pf_orc_diabolical, layout_diamond_mine
Vaults:1: v_pattern_3, vaults_mumra_minichess, v_rooms_5,
          vaults_standard_mumra_enter_the_diamond,
          nicolae_vaults_ninety_degrees, v_misc_19, nicolae_vaults_big_ls,
          vaults_room_glass_cross, vaults_dpeg_encased_lava, serial_ice_g,
          nicolae_vaults_gold_heap, layout_vaults_ring

Skill      XL: |  1  2  3  4  5  6  7  8  9 10 11 12 13 14 15 16 17 18 19 |
---------------+----------------------------------------------------------+-----
Spellcasting   | 3 4 5 7 9 10 | 10.0
Transmutations | 3 4 5 8 9 10 11 13 15 16 17 18 | 18.0
Poison Magic   | 1 2 |  2.0
Ice Magic      | 2 3 4 5 |  5.0
Dodging        | 2 3 5 6 9 10 11 | 11.0
Fighting       | 2 3 5 8 10 11 13 14 15 | 15.0
Invocations    | 2 6 8 |  8.0
Translocations | 3 |  3.0
Unarmed Combat | 6 8 10 11 12 14 | 14.0
Evocations     | 2 4 |  4.0
Stealth        | 3 |  3.1
Summonings     | 2 |  2.0
Earth Magic    | 9 10 | 10.0
Shields        | 4 6 9 11 12 | 12.9
Slings         | 1 4 |  4.0

Action                   |  1- 3 |  4- 6 |  7- 9 | 10-12 | 13-15 | 16-18 | 19-21 || total
-------------------------+-------+-------+-------+-------+-------+-------+-------++-------
Melee: Unarmed           |    80 |   227 |   529 |   664 |  1458 |  1494 |   394 ||  4846
       Kick              |     6 |    10 |    10 |       |       |       |       ||    26
       Tailslap          |     9 |    19 |    20 |    55 |   179 |   159 |    63 ||   504
       Headbutt          |     1 |     7 |     3 |       |       |     1 |       ||    12
       Punch             |       |     3 |     4 |    21 |    58 |    17 |     2 ||   105
 Fire: Hunting sling     |       |       |       |       |       |   265 |     2 ||   267
Throw: Stone             |       |     2 |     1 |     3 |     1 |    15 |       ||    22
       Javelin           |       |       |       |       |       |     1 |       ||     1
 Cast: Beastly Appendage |    14 |    20 |     9 |       |       |     1 |       ||    44
       Sticks to Snakes  |     6 |     7 |    15 |     3 |     1 |     1 |     2 ||    35
       Spider Form       |       |    10 |    20 |       |       |       |       ||    30
       Ice Form          |       |       |    16 |     5 |     4 |       |       ||    25
       Blade Hands       |       |       |     9 |    74 |   118 |    50 |     4 ||   255
       Blink             |       |       |       |       |     1 |       |       ||     1
       Summon Butterflie |       |       |       |       |     1 |     1 |     1 ||     3
       Apportation       |       |       |       |       |     1 |       |       ||     1
       Statue Form       |       |       |       |       |       |    50 |    12 ||    62
Invok: Heroism           |       |       |       |    12 |    29 |    20 |     3 ||    64
       Finesse           |       |       |       |       |     9 |     8 |     1 ||    18
 Abil: End Transformatio |       |       |       |       |     4 |     6 |     1 ||    11
Evoke: Wand              |       |       |     1 |     2 |     3 |     7 |       ||    13
  Use: Scroll            |       |     4 |     8 |    13 |     9 |    15 |     2 ||    51
       Potion            |       |       |     4 |     1 |     2 |    11 |       ||    18
 Stab: Sleeping          |     1 |     1 |     1 |     1 |     4 |     1 |     1 ||    10
       Distracted        |       |     1 |     3 |       |       |     2 |       ||     6
       Invisible         |       |       |     3 |       |       |       |       ||     3
  Eat: Chunk             |       |    10 |    19 |    45 |    64 |    43 |     9 ||   190
       Ration            |       |     1 |     2 |     1 |     6 |    12 |     1 ||    23
Armor: Skin              |    35 |    68 |   109 |   182 |   300 |   817 |   194 ||  1705
Dodge: Dodged            |    56 |   172 |   287 |   371 |   887 |  1298 |   301 ||  3372
Block: Other             |       |       |     2 |    32 |    62 |    17 |       ||   113
       Reflection        |       |       |       |     3 |     1 |   154 |       ||   158
       Buckler           |       |       |       |       |    22 |   648 |   165 ||   835

Table legend:
 A = Non-vault XP
 B = Vault XP
 C = Vault XP percentage of total XP
 D = Non-vault monster count
 E = Vault monster count
 F = Vault count percentage of total count
                 A         B        C        D         E       F
            +---------+---------+-------+---------+---------+-------
      Total |  233033 |  200914 |  46.3 |     853 |     421 |  33.0
            +---------+---------+-------+---------+---------+-------
        D:1 |      33 |       0 |   0.0 |      14 |       0 |   0.0
        D:2 |     101 |       2 |   1.9 |      31 |       1 |   3.1
        D:3 |      42 |     110 |  72.4 |      15 |      23 |  60.5
        D:4 |     183 |      99 |  35.1 |       7 |       1 |  12.5
        D:5 |     196 |     377 |  65.8 |       5 |       4 |  44.4
        D:6 |     817 |     223 |  21.4 |      22 |       1 |   4.3
        D:7 |     907 |     607 |  40.1 |      23 |       1 |   4.2
        D:8 |    1287 |    1337 |  51.0 |      24 |       5 |  17.2
        D:9 |    2702 |       0 |   0.0 |      26 |       0 |   0.0
       D:10 |     764 |     501 |  39.6 |      16 |       4 |  20.0
       D:11 |    2492 |    8248 |  76.8 |      27 |      28 |  50.9
       D:12 |    5060 |    6886 |  57.6 |      34 |      29 |  46.0
       D:13 |    5334 |    2212 |  29.3 |      29 |       3 |   9.4
       D:14 |   14207 |       0 |   0.0 |      48 |       0 |   0.0
       D:15 |    6776 |    2324 |  25.5 |      19 |       3 |  13.6
     Lair:1 |    5516 |    4657 |  45.8 |      27 |      18 |  40.0
     Lair:2 |    3494 |     600 |  14.7 |      22 |       3 |  12.0
     Lair:3 |    3583 |    2336 |  39.5 |      19 |       3 |  13.6
     Lair:4 |   13990 |     796 |   5.4 |      39 |       1 |   2.5
     Lair:5 |    9558 |    3557 |  27.1 |      26 |       7 |  21.2
     Lair:6 |    9755 |    4613 |  32.1 |      26 |       9 |  25.7
   Shoals:1 |    3168 |       0 |   0.0 |       7 |       0 |   0.0
   Shoals:2 |   15713 |     400 |   2.5 |      29 |       4 |  12.1
   Shoals:3 |    8825 |   17479 |  66.4 |      15 |      16 |  51.6
   Shoals:4 |    9256 |   23008 |  71.3 |      20 |      38 |  65.5
    Snake:1 |   11032 |    4935 |  30.9 |      21 |       9 |  30.0
    Snake:2 |   20059 |    1979 |   9.0 |      37 |       1 |   2.6
    Snake:3 |   24422 |     460 |   1.8 |      49 |       1 |   2.0
    Snake:4 |   24709 |   52568 |  68.0 |      51 |      69 |  57.5
      Orc:1 |    3086 |       0 |   0.0 |      45 |       0 |   0.0
      Orc:2 |    5074 |   17772 |  77.8 |      41 |      63 |  60.6
   Vaults:1 |   20892 |   36061 |  63.3 |      39 |      45 |  53.6
    Ossuary |       0 |     402 | 100.0 |       0 |      16 | 100.0
   Gauntlet |       0 |    6365 | 100.0 |       0 |      15 | 100.0
            +---------+---------+-------+---------+---------+-------
